 Dungeon Crawl Stone Soup version 0.29.1-1-gd02db6906a (webtiles) character file.

Game seed: 15104694682251082712

53 Icepheonix32 the Changer (level 3, 0/26 HPs)
             Began as a Merfolk Transmuter on Oct 5, 2022.
             Slain by Grinder (4 damage)
             ... on level 3 of the Dungeon.
             The game lasted 00:02:28 (2810 turns).

Icepheonix32 the Changer (Merfolk Transmuter)       Turns: 2810, Time: 00:02:29

Health: 0/26       AC:  2    Str: 10    XL:     3   Next: 87%
Magic:  0/6        EV: 20    Int: 14    God:
Gold:   73         SH:  0    Dex: 19    Spells: 0/6 levels left

rFire   . . .      SeeInvis .     - Unarmed
rCold   . . .      Faith    .   (shield currently unavailable)
rNeg    . . .      Spirit   .   (body armour currently unavailable)
rPois   x          Reflect  .   (helmet currently unavailable)
rElec   .          Harm     .   (cloak currently unavailable)
rCorr   .          Rampage  .   (gloves currently unavailable)
Will    .....                   (boots currently unavailable)
Stlth   ++........              (no amulet)
HPRegen 0.08/turn               (no ring)
MPRegen 0.10/turn               (no ring)

@: spider-form, very slightly contaminated
A: venomous fangs, tiny, (nimble swimmer 2), (mertail)
a: End Transformation


You were on level 3 of the Dungeon.
You were a venomous arachnid creature.
You visited 1 branch of the dungeon, and saw 3 of its levels.

You collected 73 gold pieces.

Inventory:

Hand Weapons
 f - a +3 dagger of draining
Armour
 a - a +1 robe (melded)
Scrolls
 i - a scroll of fog
Potions
 c - a potion of ambrosia
 d - a potion of might {unknown}
 j - a potion of attraction
 k - a potion of heal wounds {unknown}


   Skills:
 - Level 1.1 Fighting
 + Level 3.1 Dodging
 - Level 0.1 Stealth
 - Level 3.8 Unarmed Combat
 + Level 2.3 Spellcasting
 * Level 3.9 Transmutations
 * Level 0.7 Poison Magic


You couldn't memorise any spells.
You knew the following spells:

 Your Spells              Type           Power      Damage    Failure   Level
a - Beastly Appendage     Tmut           24%        N/A       14%         1
b - Wereblood             Tmut           12%        N/A       19%         2
c - Spider Form           Tmut/Pois      8%         N/A       47%         3

Your spell library contained the following spells:

 Spells                   Type           Power      Damage    Failure   Level
 Gell's Gravitas          Tloc           1%         N/A       77%         3
 Lesser Beckoning         Tloc           1%         N/A       77%         3
 Teleport Other           Tloc           1%         N/A       77%         3
 Ice Form                 Ice/Tmut       7%         N/A       87%         4
 Passage of Golubria      Tloc           1%         N/A       98%         4
 Silence                  Hex/Air        0%         N/A       100%        5
 Lehudib's Crystal Spear  Conj/Erth      0%         10d2      100%        8


Dungeon Overview and Level Annotations

Branches:
Dungeon (3/15)

Altars:

Annotations:
D:3 Grinder


Innate Abilities, Weirdness & Mutations

You are a venomous arachnid creature.
You have poisonous fangs.
You are tiny and dextrous.
Your spellcasting is less reliable in this form.
Your armour is entirely melded.
You are incapable of wielding weapons or throwing items.
((You are very nimble when in or above water. (Stealth+, EV+, Speed+++)))
((Your lower body shifts to a powerful aquatic tail in water.))


Message History

You're too confused to move!
The goblin hits you with a +0 dagger.
You bump into the rock wall.
You feel less invigorated.
You feel less confused. The goblin closely misses you.
Grinder blinks!
You closely miss the goblin. You punch the goblin!
You kill the goblin!
Things that are here:
a +0 dagger; a goblin corpse Grinder blinks!
Your horns disappear.
Grinder gestures at you.
You barely resist.
Casting: Beastly Appendage (safe; 4% risk of failure)
Confirm with . or Enter, or press ? or * to list all spells.
The spell is extremely dangerous to miscast (26% risk of failure)!
Continue anyway?
You miscast Spider Form.
You are very lightly contaminated with residual magic.
Nothing appears to happen.
Grinder blinks!
Unknown command.
Casting: Spider Form (extremely dangerous; 26% risk of failure)
Confirm with . or Enter, or press ? or * to list all spells.
The spell is extremely dangerous to miscast (26% risk of failure)!
Continue anyway?
You turn into a venomous arachnid creature.
Your +1 robe melds into your body.
Grinder hits you.
You writhe in agony.
Unknown command.
You hit Grinder.
Grinder is lightly wounded.
Grinder gestures at you.
You suddenly lose the ability to move!
Grinder hits you. Grinder barely misses you. Grinder barely misses you.
You can move again.
You barely miss Grinder.
Grinder is lightly wounded.
Grinder hits you.
* * * LOW HITPOINT WARNING * * *
You writhe in agony.
You die...

..# ..# ### ..#
..# ..# #.# ..#
#.# ..#
#.########..##.##
#...)....s5......
#.#########.#####
#.# #
#######<########
................
########.#######
#.# #.# #.#


You could see Grinder.

Vanquished Creatures
  An adder (D:2)
  3 dart slugs
  An endoplasm (D:1)
  7 goblins
  8 hobgoblins
  A ball python (D:2)
  5 bats
  A frilled lizard (D:1)
  6 kobolds
  4 rats (D:1)
37 creatures vanquished.

Notes
Turn   | Place    | Note
-------+----------+-------------------------------------------
     0 | D:1      | Icepheonix32 the Merfolk Transmuter began the quest for the
                  | Orb.
     0 | D:1      | Reached XP level 1. HP: 15/15 MP: 3/3
   211 | D:1      | Reached XP level 2. HP: 21/21 MP: 3/5
   580 | D:1      | Learned a level 2 spell: Wereblood
   918 | D:1      | Reached XP level 3. HP: 26/26 MP: 4/6
   922 | D:1      | Learned a level 3 spell: Spider Form
  2783 | D:3      | Noticed Grinder
  2806 | D:3      | Paralysed by Grinder for 3 turns
  2810 | D:3      | Slain by Grinder

Illustrated notes

Levels and vault maps discovered:
D:1:      dpeg_arrival_shrine, layout_basic
D:2:      layout_loops_cross
D:3:      layout_loops_ring, ebering_ghost_sewer_f,
          chequers_ecumenical_altar_island, goddamned_bats, uniq_natasha,
          uniq_grinder, uniq_crazy_yiuf_cottage

Skill      XL: |  1  2 |
---------------+-------+-----
Transmutations | 3 |  3.9
Dodging        | 3 |  3.1
Fighting       | |  1.1
Stealth        | |  0.1
Unarmed Combat | |  3.8
Spellcasting   | |  2.3
Poison Magic   | |  0.7

Action                   || total
-------------------------++-------
Melee: Unarmed           ||   120
       Headbutt          ||    19
       Punch             ||     5
 Cast: Beastly Appendage ||    25
       Spider Form       ||     1
  Use: Potion            ||     2
       Scroll            ||     5
 Stab: Sleeping          ||     2
Armor: Robe              ||    17
       Skin              ||     5
Dodge: Dodged            ||    75
